 Dungeon Crawl Stone Soup version 0.30.1-1-g62c8e00024 (webtiles) character file.

Game seed: 6508642566421373399

238 monsoonserge the Trooper (level 6, -3/57 HPs)
             Began as a Hill Orc Fighter on July 17, 2023.
             Was a Follower of Makhleb.
             Killed by divine providence
             ... invoked by an orc priest
              (15 damage)
             ... on level 3 of the Dungeon.
             The game lasted 00:04:20 (1324 turns).

monsoonserge the Trooper (Hill Orc Fighter)         Turns: 1324, Time: 00:04:20

Health: -3/57      AC:  5    Str: 27    XL:     6   Next: 7%
Magic:  6/6        EV: 11    Int:  8    God:    Makhleb [*.....]
Gold:   89         SH:  4    Dex: 10    Spells: 5/5 levels left

rFire   . . .        a - +0 war axe
rCold   + . .        c - +0 buckler
rNeg    . . .        p - +2 robe {rC+}
rPois   .            r - +0 helmet
rElec   .            (no cloak)
rCorr   .            (no gloves)
SInv    .            (no boots)
Will    .....        (no amulet)
Stlth   +            o - +6 ring of strength
HPRegen 0.29/turn    (no ring)
MPRegen 0.10/turn

%: no passive effects
@: no status effects
A: no striking features
a: Renounce Religion, Convert to Beogh


You were on level 3 of the Dungeon.
You worshipped Makhleb.
Makhleb was aware of your devotion.
You visited 1 branch of the dungeon, and saw 3 of its levels.

You collected 89 gold pieces.

Inventory:

Hand Weapons
 a - a +0 war axe (weapon)
Missiles
 m - 5 datura-tipped darts (quivered)
Armour
 c - a +0 buckler (worn)
 p - a +2 robe of cold resistance (worn)
 r - a +0 helmet (worn)
Jewellery
 o - a +6 ring of strength (left hand)
Scrolls
 b - a scroll of immolation {unknown}
 e - a scroll of vulnerability {unknown}
 f - a scroll of enchant weapon {unknown}
 g - a scroll of poison {unknown}
 h - 2 scrolls of teleportation {unknown}
 i - a scroll of identify {unknown}
 j - a scroll of enchant armour {unknown}
Potions
 d - 2 potions of might
 k - a potion of curing {unknown}
 l - a potion of attraction {unknown}
 n - a potion of heal wounds {unknown}
 q - a potion of degeneration {unknown}


   Skills:
 + Level 5.9 Fighting
 - Level 4.0 Axes
 - Level 3.7 Armour
 + Level 1.8 Dodging
 - Level 4.0 Shields


You had 5 spell levels left.
You didn't know any spells.
Your spell library contained the following spells:

 Spells                   Type           Power      Damage    Failure   Level
 Sandblast                Erth           0%         2d4       45%         1
 Passwall                 Tmut/Erth      0%         N/A       58%         2
 Stone Arrow              Conj/Erth      0%         3d7       83%         3


Dungeon Overview and Level Annotations

Branches:
Dungeon (3/15)

Altars:
Makhleb
Sif Muna


Message History

Makhleb accepts your kill.
You feel better. The orc priest barely misses you.
The orc hits you with a +0 dagger.
The orc priest looks braver for a moment.
The orc hits you with a +0 dagger.
You have reached level 6!
You closely miss the orc priest.
The orc priest is moderately wounded.
You barely miss the orc.
The orc priest shouts, "Join the one true god or die!"
The orc priest hits you with a +0 mace! The orc hits you but does no damage.
Unknown command.
You hit the orc priest.
The orc priest is moderately wounded.
You slash the orc!
You kill the orc!
Makhleb accepts your kill.
The orc priest invokes the aid of Beogh against you.
Pain shoots through your body!
You hit the orc priest but do no damage.
The orc priest is moderately wounded.
The orc priest calls down the wrath of Beogh upon you.
Beogh smites you!
* * * LOW HITPOINT WARNING * * *
The orc priest hits you with a +0 mace.
* * * LOW HITPOINT WARNING * * *
Okay, then.
You barely miss the orc priest.
The orc priest shouts, "Surrender to Beogh and we'll let you live!"
The orc priest is moderately wounded.
The orc priest hits you but does no damage.
You hit the orc priest.
The orc priest is severely wounded.
The orc priest barely misses you.
You hit the orc priest but do no damage.
The orc priest is heavily wounded.
You block the orc priest's attack.
The orc priest calls down the wrath of Beogh upon you.
Beogh smites you!
You die...

### ##.## #
#...# .#
#.#.###.#
#.#.....##
##>#......#
#..#.@)####
##.##o))#
#####..##...#
##.(.#...##...
##........##...#
#.........###...
#....<....# ...#
#. #.........#
#... #..
##.)......#
##.##


You could see an orc priest.

Vanquished Creatures
  Sigmund (D:3)
  An orc priest (D:3)
  A dart slug (D:2)
  4 orcs (D:3)
  4 endoplasms (D:1)
  3 giant cockroaches
  6 goblins
  5 hobgoblins
  3 jackals (D:3)
  3 ball pythons (D:2)
  6 bats
  3 frilled lizards (D:1)
  12 kobolds
  A rat (D:1)
53 creatures vanquished.

Notes
Turn   | Place    | Note
-------+----------+-------------------------------------------
     0 | D:1      | monsoonserge the Hill Orc Fighter began the quest for the
                  | Orb.
     0 | D:1      | Reached XP level 1. HP: 19/19 MP: 1/1
   158 | D:1      | Reached XP level 2. HP: 23/27 MP: 2/2
   455 | D:1      | Reached XP level 3. HP: 33/33 MP: 3/3
   922 | D:2      | Found a shimmering blue altar of Sif Muna.
   953 | D:2      | Found a faded altar of an unknown god.
   963 | D:2      | Prayed at the altar of an unknown god.
   963 | D:2      | Became a worshipper of Makhleb the Destroyer
   963 | D:2      | Reached * piety under Makhleb
   979 | D:2      | Reached skill level 4 in Fighting
  1207 | D:3      | Noticed Sigmund
  1214 | D:3      | Killed Sigmund
  1215 | D:3      | Reached skill level 5 in Fighting
  1215 | D:3      | Reached skill level 1 in Dodging
  1215 | D:3      | Reached XP level 4. HP: 32/42 MP: 4/4
  1215 | D:3      | Reached XP level 5. HP: 38/49 MP: 5/5
  1319 | D:3      | Reached XP level 6. HP: 33/57 MP: 6/6
  1324 | D:3      | Killed from afar by an orc priest

Illustrated notes

Levels and vault maps discovered:
D:1:      psy_arrival_radial01, layout_loops_ring
D:2:      layout_rooms, hellmonk_ecumenical_altar_pennies_from_heaven,
          basic_altar, minmay_pentomino_w2
D:3:      layout_rooms, doesnt_xom_only_xom, cheibrodos_ashenzari_chains,
          mainiacjoe_overflow_alcove_4, serial_curves, eino_curves_01,
          eino_curves_01, eino_curves_02, eino_curves_03,
          minmay_misc_feat_alley, grunt_ministairs_6, grunt_decor_mini_mirrors,
          uniq_sigmund, uniq_grinder

Skill      XL: |  1  2  3 |
---------------+----------+-----
Axes           | 3 4 |  4.0
Fighting       | 5 |  5.9
Dodging        | 1 |  1.8
Shields        | 4 |  4.0
Armour         | |  3.7

Action                     |  1- 3 |  4- 6 || total
---------------------------+-------+-------++-------
  Melee: War axe           |   102 |    20 ||   122
 Armour: Scale mail        |    62 |       ||    62
         Robe              |     5 |     6 ||    11
  Dodge: Dodged            |    47 |    17 ||    64
  Block: Buckler           |    27 |     3 ||    30
